 Dungeon Crawl Stone Soup version 0.31-a0-95-g6fa058ef04 (webtiles) character file.

Game seed: 7573508541269922017

52 Darkkill the Shooter (level 3, -4/31 HPs)
             Began as a Minotaur Hunter on May 25, 2023.
             Slain by a gnoll
             ... wielding a +0 club
              (5 damage)
             ... on level 2 of the Dungeon.
             The game lasted 00:01:53 (645 turns).

Darkkill the Shooter (Minotaur Hunter)               Turns: 645, Time: 00:01:54

Health: -4/31      AC:  4    Str: 15    XL:     3   Next: 60%
Magic:  2/2        EV: 12    Int:  6    God:
Gold:   44         SH:  0    Dex: 15    Spells: 2/2 levels left

rFire   . . .        a - +0 shortbow
rCold   . . .        (shield currently unavailable)
rNeg    . . .        c - +0 leather armour
rPois   .            (helmet restricted)
rElec   .            (no cloak)
rCorr   .            d - +0 pair of gloves
SInv    .            (no boots)
Will    .....        (no amulet)
Stlth   ++           (no ring)
HPRegen 0.25/turn    (no ring)
MPRegen 0.08/turn

%: no passive effects
@: no status effects
A: horns 2, retaliatory headbutt
a: no special abilities


You were on level 2 of the Dungeon.
You visited 1 branch of the dungeon, and saw 2 of its levels.

You collected 44 gold pieces.

Inventory:

Hand Weapons
 a - a +0 shortbow (weapon)
Missiles
 f - 8 stones
Armour
 c - a +0 leather armour (worn)
 d - a +0 pair of gloves (worn)
Magical Staves
 j - a staff of death
Scrolls
 b - a scroll of immolation
 h - a scroll of fog {unknown}
 i - a scroll of teleportation {unknown}
 l - a scroll of vulnerability {unknown}
Potions
 e - a potion of heal wounds {unknown}
 g - a potion of lignification {unknown}
 k - a potion of attraction {unknown}


   Skills:
 + Level 3.2 Fighting
 + Level 4.8 Ranged Weapons
 + Level 2.9 Dodging
 + Level 1.6 Stealth


You had 2 spell levels left.
You didn't know any spells.
Your spell library was empty.

Dungeon Overview and Level Annotations

Branches:
Dungeon (2/15)

Altars:


Innate Abilities, Weirdness & Mutations

You have a pair of horns on your head.
You reflexively headbutt those who attack you in melee.


Message History

The ball python hisses angrily.
The ball python is moderately wounded.
An adder comes into view.
There are monsters nearby!
You shoot an arrow. The adder hisses angrily.
The arrow hits the ball python!
You kill the ball python!
An adder is nearby!
You shoot an arrow.
The arrow hits the adder but does no damage.
An adder is nearby!
You shoot an arrow. The arrow misses the adder.
An adder is nearby!
You shoot an arrow. The arrow closely misses the adder.
An adder is nearby!
You shoot an arrow. The arrow misses the adder.
The adder bites you. The adder barely misses you. You furiously retaliate!
You headbutt the adder!
An adder is nearby!
You shoot an arrow. The arrow hits the adder.
You kill the adder!
HP restored.
i - a scroll labelled LENE CUOBOMP No target in view!
j - a staff of death No target in view!
k - a smoky purple potion No target in view!
f - 8 stones (gained 7)
l - a scroll labelled HIERHO CYRO No target in view! 2 gnolls come into view.
The gnoll shouts! x2
A gnoll comes into view. It is wielding a +0 flail.
A gnoll comes into view. It is wielding a +0 spear.
The gnoll moves out of view.
You shoot an arrow. The arrow closely misses the gnoll.
The gnoll shouts! x2; You hear a shout!
An adder comes into view.
There are monsters nearby!
You shoot an arrow. The arrow barely misses the gnoll.
There are monsters nearby!
You shoot an arrow.
The arrow hits the gnoll but does no damage.
There are monsters nearby!
You shoot an arrow. The arrow hits the gnoll.
The gnoll is moderately wounded.
You shoot an arrow. The arrow hits the adder.
The adder is lightly wounded.
You shoot an arrow. The arrow completely misses the adder.
The adder bites you but does no damage.
You shoot an arrow. The arrow hits the adder.
The adder is moderately wounded.
The adder bites you. The adder closely misses you.
You shoot an arrow. The arrow misses the adder.
The arrow hits the gnoll.
The gnoll is moderately wounded.
The adder barely misses you.
The gnoll hits you from afar with a +0 spear.
The adder barely misses you.
You shoot an arrow. The arrow hits the adder.
The adder is severely wounded.
The adder bites you.
You are poisoned.
The adder poisons you!
The gnoll hits you from afar with a +0 spear.
You are too injured to fight recklessly!
You are too injured to fight recklessly!
You are too injured to fight recklessly!
You are too injured to fight recklessly!
You are too injured to fight recklessly!
You are too injured to fight recklessly!
You are too injured to fight recklessly!
You are too injured to fight recklessly!
You are too injured to fight recklessly!
You are too injured to fight recklessly!
You shoot an arrow. The arrow closely misses the adder.
The arrow hits the gnoll.
The gnoll is severely wounded.
You feel sick. The adder closely misses you. The gnoll barely misses you.
The gnoll hits you but does no damage. The adder barely misses you.
The gnoll hits you from afar with a +0 spear.
A goblin comes into view. It is wielding a +0 club.
You shoot an arrow. The arrow misses the adder.
The arrow hits the gnoll!
You kill the gnoll!
You feel sick. The adder barely misses you. The gnoll barely misses you.
The gnoll hits you from afar with a +0 spear.
You shoot an arrow. The arrow misses the adder.
You feel sick. The adder misses you. You furiously retaliate!
You headbutt the adder. The gnoll closely misses you.
The gnoll hits you with a +0 club.
* * * LOW HITPOINT WARNING * * *
The gnoll closely misses you. The adder closely misses you.
You shoot an arrow. The arrow hits the gnoll!
The gnoll is almost dead.
You feel sick.
You are no longer poisoned.
The adder barely misses you. The gnoll barely misses you.
The gnoll hits you from afar with a +0 spear.
* * * LOW HITPOINT WARNING * * *
The gnoll hits you with a +0 club.
You die...

......##.#
#.........#
###......### #.
#.. ...
#.#.#....#
..#...##.# ##
#...##.##
#.......#
##....#.#####.#
#.....gg.....#
#.....@S).....
#....###g.....
#....# .....
#....# ....
#....# g..
#....# ..
###### .


You could see 3 gnolls, an adder and a goblin.

Vanquished Creatures
  A gnoll (D:2)
  An adder (D:2)
  A dart slug (D:1)
  4 endoplasms
  2 giant cockroaches (D:1)
  2 goblins (D:1)
  3 hobgoblins (D:1)
  4 quokkas
  2 ball pythons
  4 bats
  2 kobolds (D:1)
  4 rats
30 creatures vanquished.

Notes
Turn   | Place    | Note
-------+----------+-------------------------------------------
     0 | D:1      | Darkkill the Minotaur Hunter began the quest for the Orb.
     0 | D:1      | Reached XP level 1. HP: 18/18 MP: 0/0
    54 | D:1      | Reached skill level 1 in Stealth
    78 | D:1      | Reached XP level 2. HP: 22/25 MP: 1/1
   561 | D:2      | Reached XP level 3. HP: 31/31 MP: 2/2
   644 | D:2      | HP: 6/31 [gnoll/+0 club (4)]
   645 | D:2      | HP: 1/31 [gnoll/+0 spear (4)]
   645 | D:2      | Slain by a gnoll

Illustrated notes

Levels and vault maps discovered:
D:1:      ncdulo_watergridlock, layout_basic, serial_park_tiny_1,
          chequers_mini_garden, st_stairs_9
D:2:      layout_rooms, basic_altar, nicolae_figureground_sparkle

Skill      XL: |  1  2 |
---------------+-------+-----
Stealth        | 1 |  1.6
Fighting       | 3 |  3.2
Ranged Weapons | |  4.8
Dodging        | |  2.9

Action                     || total
---------------------------++-------
   Fire: Shortbow          ||    83
 Armour: Leather armour    ||    12
  Dodge: Dodged            ||    42

Table legend: (Time is in decaauts)
 A = Elapsed time spent in this place.
 B = Non-inter-level travel time spent in this place.
 C = Inter-level travel time spent in this place.
 D = Time resting spent in this place.
 E = Time spent auto-exploring this place.
 F = Levels seen in this place.
 G = Mean time per level.
                   A        B        C        D        E       F      G
               +--------+--------+--------+--------+--------+-----+--------+
         Total |    662 |    650 |     12 |      0 |    510 |   2 |  331.0 |
       Dungeon |    662 |    650 |     12 |      0 |    510 |   2 |  331.0 |
               +--------+--------+--------+--------+--------+-----+--------+

Top non-repeatable levels by time:
     D:1: 569 daAuts
     D:2: 93 daAuts

Levels and vault maps discovered:
D:1:      ncdulo_watergridlock, layout_basic, serial_park_tiny_1,
          chequers_mini_garden, st_stairs_9
D:2:      layout_rooms, basic_altar, nicolae_figureground_sparkle

Table legend: (Time is in decaauts)
 A = Elapsed time spent in this place.
 B = Non-inter-level travel time spent in this place.
 C = Inter-level travel time spent in this place.
 D = Time resting spent in this place.
 E = Time spent auto-exploring this place.
 F = Levels seen in this place.
 G = Mean time per level.
                   A        B        C        D        E       F      G
               +--------+--------+--------+--------+--------+-----+--------+
         Total |    662 |    650 |     12 |      0 |    510 |   2 |  331.0 |
       Dungeon |    662 |    650 |     12 |      0 |    510 |   2 |  331.0 |
               +--------+--------+--------+--------+--------+-----+--------+

Top non-repeatable levels by time:
     D:1: 569 daAuts
     D:2: 93 daAuts

Table legend:
 A = Kills in this place as a percentage of kills in the entire game.
 B = Kills by you in this place as a percentage of kills by you in the entire game.
 C = Kills by friends in this place as a percentage of kills by friends in the entire game.
 D = Other kills in this place as a percentage of other kills in the entire game.
 E = Experience gained in this place as a percentage of experience gained in the entire game.
 F = Experience gained in this place divided by the number of levels of this place that you have seen.
                   A       B       C       D       E      F
               +-------+-------+-------+-------+-------+----------------------
         Total | 100.0 | 100.0 |   N/A |   N/A | 100.0 |  37.5
       Dungeon | 100.0 | 100.0 |   N/A |   N/A | 100.0 |  37.5
               +-------+-------+-------+-------+-------+----------------------
